 Dungeon Crawl Stone Soup version 0.22.1-1-ga44c0e5 (console) character file.

6 erker the Insei (level 1, 0/13 HPs)
             Began as an Octopode Transmuter on Sept 28, 2018.
             Slain by a bat (1 damage)
             ... on level 1 of the Dungeon.
             The game lasted 00:00:53 (187 turns).

erker the Insei (Octopode Transmuter)                Turns: 187, Time: 00:00:54

Health: 0/13       AC:  1    Str:  9    XL:     1   Next: 90%
Magic:  2/3        EV: 13    Int: 15    God:
Gold:   15         SH:  0    Dex: 12    Spells: 3/4 levels left

rFire    . . .     SeeInvis .     - Unarmed
rCold    . . .     Gourm    .   (no shield)
rNeg     + . .     Faith    .   (helmet restricted)
rPois    .         Spirit   .   (no amulet)
rElec    .         Reflect  .   e - ring of positive energy
rCorr    .         Harm     .   (no ring)
MR       .....                  (no ring)
Stlth    ++........             (no ring)
HPRegen  0.04/turn              (no ring)
MPRegen  0.08/turn              (no ring)
                                (no ring)
                                (no ring)

@: very slightly contaminated
A: almost no armour, stealthy swim, amphibious, 8 rings, constrict 8, camouflage
1, gelatinous body 1
a: no special abilities


You were on level 1 of the Dungeon.
You were not hungry.

You visited 1 branch of the dungeon, and saw 1 of its levels.

You collected 15 gold pieces.

Inventory:

Missiles
 a - 12 arrows
Jewellery
 e - a ring of positive energy (left tentacle)
Scrolls
 f - 4 scrolls of remove curse {unknown}
Potions
 b - 2 potions of flight {unknown}
 d - a potion of curing {unknown}
 g - a potion of brilliance {unknown}
 h - a potion of magic {unknown}
Comestibles
 c - 2 rations


   Skills:
 - Level 1.0 Fighting
 - Level 2.0 Dodging
 - Level 3.0 Unarmed Combat
 + Level 2.2 Spellcasting
 * Level 2.3 Transmutations


You had 3 spell levels left.
You knew the following spells:

 Your Spells              Type           Power        Failure   Level  Hunger
a - Beastly Appendage     Tmut           #.....       9%          1    #......

Your spell library contained the following spells:

 Spells                   Type           Power        Failure   Level  Hunger
 Sticks to Snakes         Tmut           #.......     13%         2    ###....
 Spider Form              Tmut/Pois      #.........   38%         3    ###....
 Ice Form                 Ice/Tmut       #.......     80%         4    #####..
 Blade Hands              Tmut           #.........   93%         5    ######.


Dungeon Overview and Level Annotations

Branches:
Dungeon (1/15)

Altars:


Innate Abilities, Weirdness & Mutations

You cannot wear most types of armour.
You are very stealthy in the water. (Stealth+)
You are amphibious.
You can wear up to eight rings at the same time.
You can use your tentacles to constrict eight enemies at once.
Your skin changes colour to match your surroundings (Stealth+).
Your rubbery body absorbs attacks. (AC +1, EV +1)


Message History

The bat hits you.
* * * LOW HITPOINT WARNING * * *
The bat hits you.
* * * LOW HITPOINT WARNING * * *
Casting: Beastly Appendage (safe; 9% risk of failure)
Confirm with . or Enter, or press ? or * to list all spells.
You miscast Beastly Appendage.
You are very lightly contaminated with residual magic.
Nothing appears to happen.
The bat hits you but does no damage.
You tentacle-slap the bat but do no damage.
Your grab misses the bat. Your squeeze misses the bat.
The bat barely misses you. The bat closely misses you.
You tentacle-slap the bat. Your grab misses the bat.
The bat is moderately wounded.
The bat hits you.
* * * LOW HITPOINT WARNING * * *
You closely miss the bat. Your grab misses the bat.
The bat is moderately wounded.
The bat hits you.
You die...

#.# #.##.# #.# #.# #.##.# #.#
#.#####.##.# #.#####
#######..........# #.....#
........##.#..##†# #.###.#
...........#..##.#########.#
#.#
.....#.##..#......)........#
#.#
###..#.##..#..##.#########.#
#.# #..#.##..#..##@# #.# #.#
#..#.##.....##b# #.# #.#
#............gl# #.# #.#
#........#.###.# #.# #.#
#..#.##..#.###.#########.###.#
#..........##..........#..##.##
....................#..#....>..
.. ....#......(#...#.#..###.##
......b......#.#...#..# #.##


You could see a hobgoblin, a bat and a frilled lizard.

Vanquished Creatures
  A leopard gecko (D:1)
  2 goblins (D:1)
  A kobold (D:1)
4 creatures vanquished.

Notes
Turn   | Place    | Note
-------+----------+-------------------------------------------
     0 | D:1      | erker the Octopode Transmuter began the quest for the Orb.
     0 | D:1      | Reached XP level 1. HP: 13/13 MP: 3/3
   187 | D:1      | Slain by a bat

Action                   || total
-------------------------++-------
Melee: Unarmed           ||    12
       Constrict         ||     3
       Tentacles         ||     2
 Stab: Sleeping          ||     2
Armor: Skin              ||     3
Dodge: Dodged            ||    14
